AoeStats
← chenya_ko

Arabia

507867896Analyzed
1v1 RM · 14d ago on Sep 20, 2026· 26m 27s· 2 players
Game mode
Random Map
Map size
Tiny (2 player)
Population
200
Speed
Normal
Resources
Standard
Victory
Conquest
Starting age
Dark Age
Ending age
Imperial Age
RankedLock teamsTeams togetherTeam positionsShared explorationLock speedFull tech treeHidden civsTurbo modeCheats
Victory
Defeat
🇻🇪 Portuguese · Venezuela
1093
+15
🇹🇼 Japanese · Taiwan
1072
-15
chenya_ko
2:03 Loom
10:18 Feudal Age
10:20 Man-at-Arms
12:39 Double-Bit Axe
15:41 Wheelbarrow
16:22 Fletching
22:27 Castle Age
21:12 Scale Mail Armor
21:23 Forging
21:00 Horse Collar
21:36 Gold Mining
22:22 Padded Archer Armor
22:21 Arson
22:31 Long Swordsman
22:57 Gambesons
24:14 Iron Casting
24:16 Squires
24:59 Chain Mail Armor
25:59 Hand Cart
25:11 Pikeman
Old Wolf
5:29 Loom
8:36 Feudal Age
22:16 Castle Age
21:44 Scale Barding Armor
21:50 Forging
22:13 Bloodlines
Connection lost

Rejoining the realm…

Still unreachable

The connection could not be restored.

Session expired

The server has moved on; the page needs a fresh start.